 Dungeon Crawl Stone Soup version 0.30.1-3-gfc49f6343a (webtiles) character file.

Game seed: 8285410436326407486

17 ChrisAssaf the Ducker (level 2, -1/26 HPs)
             Began as a Gnoll Gladiator on July 18, 2023.
             Slain by a goblin
             ... wielding a +0 club
              (2 damage)
             ... on level 2 of the Dungeon.
             The game lasted 00:02:09 (624 turns).

ChrisAssaf the Ducker (Gnoll Gladiator)              Turns: 624, Time: 00:02:10

Health: -1/26      AC:  4    Str: 13    XL:     2   Next: 62%
Magic:  2/2        EV: 14    Int:  7    God:
Gold:   40         SH:  0    Dex: 13    Spells: 2/2 levels left

rFire   . . .        a - +0 quarterstaff
rCold   . . .        (shield currently unavailable)
rNeg    . . .        b - +0 leather armour
rPois   .            c - +0 helmet
rElec   .            (no cloak)
rCorr   .            (no gloves)
SInv    .            (no boots)
Will    .....        d - amulet of magic regeneration
Stlth   +            (no ring)
HPRegen 0.24/turn    (no ring)
MPRegen 0.48/turn

%: no passive effects
@: no status effects
A: fangs 1, strong nose, distributed training
a: no special abilities


You were on level 2 of the Dungeon.
You visited 1 branch of the dungeon, and saw 2 of its levels.

You collected 40 gold pieces.

Inventory:

Hand Weapons
 a - a +0 quarterstaff (weapon)
Missiles
 e - a javelin (quivered)
 g - 3 atropa-tipped darts
Armour
 b - a +0 leather armour (worn)
 c - a +0 helmet (worn)
Jewellery
 d - an amulet of magic regeneration (around neck)
Scrolls
 f - a scroll of identify {unknown}
 i - a scroll of fear {unknown}


   Skills:
 + Level 4.5 Fighting
 + Level 0.5 Short Blades
 + Level 0.5 Long Blades
 + Level 0.5 Axes
 + Level 0.5 Maces & Flails
 + Level 0.5 Polearms
 + Level 6.5 Staves
 + Level 0.5 Ranged Weapons
 + Level 4.5 Throwing
 + Level 0.5 Armour
 + Level 6.5 Dodging
 + Level 0.5 Stealth
 + Level 0.5 Shields
 + Level 0.5 Unarmed Combat
 + Level 0.5 Spellcasting
 + Level 0.3 Conjurations
 + Level 0.3 Hexes
 + Level 0.3 Summonings
 + Level 0.3 Necromancy
 + Level 0.3 Translocations
 + Level 0.3 Transmutations
 + Level 0.3 Fire Magic
 + Level 0.3 Ice Magic
 + Level 0.3 Air Magic
 + Level 0.3 Earth Magic
 + Level 0.3 Poison Magic
 + Level 0.6 Invocations
 + Level 0.5 Evocations


You had 2 spell levels left.
You didn't know any spells.
Your spell library contained the following spells:

 Spells                   Type           Power      Damage    Failure   Level
 Lesser Beckoning         Tloc           0%         N/A       58%         2
 Gell's Gravitas          Tloc           0%         N/A       83%         3
 Teleport Other           Tloc           0%         N/A       83%         3


Dungeon Overview and Level Annotations

Branches:
Dungeon (2/15)

Altars:
Xom


Innate Abilities, Weirdness & Mutations

You have very sharp teeth.
Your uncanny sense of smell can sniff out nearby items.
Your experience applies equally to all skills.


Message History

You hit Terence.
Terence is moderately wounded.
Terence barely misses you.
You hit Terence. Your bite misses Terence.
Terence is moderately wounded.
Terence completely misses you.
You hit Terence.
Terence is severely wounded.
Terence hits you with a +0 whip!
The endoplasm hits you but does no damage.
You barely miss Terence.
Terence is severely wounded.
Terence barely misses you. The endoplasm freezes you.
You are frozen.
Something hits you.
You hit Terence but do no damage.
Terence is severely wounded.
Terence completely misses you. The endoplasm closely misses you.
Something hits you.
You hit Terence but do no damage.
Terence is severely wounded.
Terence closely misses you. The endoplasm hits you.
Something hits you but does no damage.
You barely miss Terence.
Terence is severely wounded.
Terence hits you with a +0 whip.
* * * LOW HITPOINT WARNING * * *
The endoplasm barely misses you. Something hits you.
* * * LOW HITPOINT WARNING * * *
You closely miss Terence.
Terence is severely wounded.
Terence completely misses you. The endoplasm closely misses you.
Something hits you.
* * * LOW HITPOINT WARNING * * *
You sock Terence!
You kill Terence!
The endoplasm hits you.
* * * LOW HITPOINT WARNING * * *
Something hits you.
You die...

...##### ......# ..
......# #.# #....# #.#
## ##.# #....# #.# ###.
#..#. #....###.# ...
#....###)....##.###.###
#....J@)..<..##.##..##.
#.#...{#............##.
.#.##..#.......##.....
##.#.###..#.#.##.##..###
#..#.####...#)##....# ##
#.##.##....##.......###.
#.......##.......#...##(
#...######..............
#.### ...............


You could see an endoplasm.

Vanquished Creatures
  Terence (D:2)
  A worm (D:2)
  An endoplasm (D:1)
  A giant cockroach (D:1)
  A goblin (D:2)
  A hobgoblin (D:2)
  2 jackals (D:1)
  3 kobolds
  A ball python (D:2)
  2 frilled lizards
  A rat (D:2)
15 creatures vanquished.

Notes
Turn   | Place    | Note
-------+----------+-------------------------------------------
     0 | D:1      | ChrisAssaf the Gnoll Gladiator began the quest for the Orb.
     0 | D:1      | Reached XP level 1. HP: 20/20 MP: 1/1
   223 | D:1      | Reached XP level 2. HP: 26/26 MP: 2/2
   289 | D:2      | Noticed Terence
   427 | D:2      | Found a shimmering altar of Xom.
   624 | D:2      | Killed Terence
   624 | D:2      | HP: 1/26 [endoplasm (3)]
   624 | D:2      | Slain by a goblin

Illustrated notes

Levels and vault maps discovered:
D:1:      amcnicky_arrival_flooded_fountain, layout_basic
D:2:      layout_rooms, basic_altar, uniq_terence

Action                     || total
---------------------------++-------
  Melee: Quarterstaff      ||    56
         Bite              ||     5
         Unarmed           ||     5
  Throw: Throwing net      ||     3
    Use: Potion            ||     1
   Stab: Held in net/web   ||     1
 Armour: Leather armour    ||     9
         Skin              ||     3
  Dodge: Dodged            ||    48
